Blues vs Bruins

Created - 17 décembre 2017 at 00:48

Goals
1 2 3 T
Blues 0 0 0 0
Bruins 1 2 0 3
Shots
1 2 3 T
Blues 11 5 12 28
Bruins 9 9 10 28

1st period

1. Bruins , Tomas Plekanec 7 (Connor Brown 11, Noah Hanifin 8) at 4:23

Penalties :
Jake Guentzel (BOS) for Hooking (Minor) at 1:20, Johnny Boychuk (STL) for Hooking (Minor) at 1:54, Jay Bouwmeester (STL) for Hooking (Minor) at 11:45

2nd period

2. Bruins , Leon Draisaitl 14 (Jake Muzzin 12) at 3:22
3. Bruins , Jake Guentzel 10 (Tomas Plekanec 13, P.K. Subban 12) at 3:36

Penalties :
Cal Clutterbuck (STL) for Hooking (Minor) at 4:39

3rd period

No Goal

Penalties :
Torey Krug (BOS) for Holding (Minor) at 0:42, Mike Fisher (STL) for Hooking (Minor) at 0:42, Johnny Boychuk (STL) for Hooking (Minor) at 13:57, Mike Fisher (STL) for Hooking (Minor) at 19:06

Goalie Stats

Ryan Miller (STL), 25 saves from 28 shots - (0.893), L, 5-11-2, 60:00 minutes
Carey Price (BOS), 28 saves from 28 shots - (1.000), W, 13-9-1, 60:00 minutes

Players Stats for Blues

Player Name              G  A  P  +/- PIM S  H  SB GA TA FO     MP     PP MP  PK MP  
------------------------------------------------------------------------------------
Brian Flynn              0  0  0  -2  0   1  0  0  0  0  1/1    17:05   0:00   0:43 
Cal Clutterbuck          0  0  0  -1  2   3  2  0  0  0  4/16   15:01   0:00   0:00 
Carl Gunnarsson          0  0  0   0  0   0  2  0  0  0  0/0     6:11   0:00   0:48 
Chris Wideman            0  0  0  -1  0   0  1  1  0  0  0/0    14:22   0:00   2:38 
Clarke MacArthur         0  0  0   0  0   0  0  0  0  0  0/2     6:46   0:00   1:41 
Jay Bouwmeester          0  0  0  -1  2   1  1  1  0  0  0/0    26:20   0:34   2:46 
Jay McClement            0  0  0  -2  0   1  0  0  0  0  15/20  16:22   0:00   0:00 
Jiri Hudler              0  0  0  -2  0   1  3  0  0  0  1/2    17:42   0:00   0:00 
John-Michael Liles       0  0  0  -1  0   0  1  0  0  0  0/0    12:20   0:00   0:00 
Johnny Boychuk           0  0  0  -1  4   0  3  1  0  0  0/0    19:48   0:33   2:24 
Kris Versteeg            0  0  0  -1  0   5  0  0  0  0  1/2    15:49   0:00   1:58 
Marian Hossa             0  0  0   0  0   3  0  0  0  0  0/0    22:56   0:34   4:37 
Matt Irwin               0  0  0  -1  0   0  1  3  0  0  0/0    20:21   0:00   2:59 
Michael Raffl            0  0  0  -1  0   1  1  0  0  0  1/2    13:02   0:00   0:00 
Mike Fisher              0  0  0   0  4   6  7  0  0  0  23/42  23:15   0:34   3:42 
Nick Cousins             0  0  0   0  0   0  0  0  0  0  0/0     1:06   0:00   0:00 
Niklas Kronwall          0  0  0  -1  0   0  2  0  0  0  0/0    20:35   0:00   3:13 
Rick Nash                0  0  0   0  0   6  1  0  0  0  0/4    20:05   0:34   2:07 

Players Stats for Bruins

Player Name              G  A  P  +/- PIM S  H  SB GA TA FO     MP     PP MP  PK MP  
------------------------------------------------------------------------------------
Andrew Ladd              0  0  0   0  0   4  1  0  0  0  0/1    19:33   3:47   0:00 
Brendan Gallagher        0  0  0   1  0   3  2  0  0  0  1/2    17:46   3:37   0:00 
Carl Soderberg           0  0  0   0  0   1  0  1  0  0  0/3     5:19   0:34   0:00 
Connor Brown             0  1  1   2  0   2  1  1  0  0  0/0    13:58   0:00   0:00 
Corey Perry              0  0  0   0  0   3  2  0  0  0  2/2    20:26   3:47   0:10 
Greg Pateryn             0  0  0   0  0   0  0  1  0  0  0/0     4:28   0:00   0:00 
Jake Guentzel            1  0  1   2  2   1  2  0  0  0  1/1    13:57   0:00   0:00 
Jake Muzzin              0  1  1   1  0   2  2  3  0  0  0/0    20:03   4:01   0:13 
Leon Draisaitl           1  0  1   1  0   2  0  0  0  0  10/29  20:51   3:37   0:24 
Mark Streit              0  0  0   1  0   0  1  0  0  0  0/0    12:58   0:00   0:00 
Melker Karlsson          0  0  0   0  0   0  1  0  0  0  0/2     4:45   0:00   0:00 
Noah Hanifin             0  1  1   1  0   0  1  1  0  0  0/0    12:15   0:00   0:00 
P.K. Subban              0  1  1   1  0   2  0  0  0  0  0/0    23:36   3:23   0:21 
Patrice Bergeron         0  0  0   0  0   3  2  0  0  0  17/30  26:27   3:13   0:24 
Ryan Spooner             0  0  0   1  0   1  2  0  0  0  3/4    17:46   3:37   0:00 
Shea Weber               0  0  0   1  0   1  4  2  0  0  0/0    28:04   3:23   0:21 
Tomas Plekanec           1  1  2   2  0   1  1  0  0  0  11/17  14:51   0:00   0:10 
Torey Krug               0  0  0   1  2   2  0  0  0  0  0/0    18:57   4:01   0:13 

3 Stars

1 - Carey Price (BOS)
2 - Tomas Plekanec (BOS)
3 - Jake Guentzel (BOS)

Power Play

Blues - 0 on 1 Attempt(s) - 0.00%
Bruins - 0 on 5 Attempt(s) - 0.00%

Penalty Kill

Blues - 5 on 5 Attempt(s) - 100.00% - Score 0 goal in Penalty Kill
Bruins - 1 on 1 Attempt(s) - 100.00% - Score 0 goal in Penalty Kill

Team Stat

Blues - Hits : 25 - Faceoff Wins : 46 - Blocked Shots : 6 - Penalty Minutes : 12
Bruins - Hits : 22 - Faceoff Wins : 45 - Blocked Shots : 9 - Penalty Minutes : 4

Official

Referees : Mike Hasenfratz and Brad Watson
Linesman : Tim Nowak and Scott Cherrey

Game Notes

No Game Note

Finance

Level 1 -- Attendance: 6500 (100.00%) -- Ticket Income 715 000 $
Level 2 -- Attendance: 4805 (96.10%) -- Ticket Income 360 375 $
Level 3 -- Attendance: 3376 (96.46%) -- Ticket Income 189 056 $
Level 4 -- Attendance: 1565 (100.00%) -- Ticket Income 62 600 $
Luxury Box -- Attendance: 987 (98.70%) -- Ticket Income 196 413 $
Game was played at the TD Garden.
Total Attendance: 17233 (98.11%)
Total Ticket Income: 1 523 444 $
Other Income: 228 517 $
Total Income: 1 751 961 $

% Time on Ice - Blues

Lines # - Real PCT - Wanted PCT - Time Play
Normal Forward
1 - 33% - 40% - 16:08
2 - 34% - 30% - 16:22
3 - 26% - 20% - 12:35
4 - 7% - 10% - 3:33
Normal Defense
1 - 33% - 40% - 15:51
2 - 32% - 30% - 15:45
3 - 24% - 20% - 11:39
4 - 11% - 10% - 5:23
PP Forward
1 - 100% - 60% - 0:34
2 - 0% - 40% - 0:00
PP Defense
1 - 100% - 60% - 0:34
2 - 0% - 40% - 0:00
PK Forward
1 - 73% - 60% - 5:26
2 - 27% - 40% - 1:58
PK Defense
1 - 56% - 60% - 4:08
2 - 44% - 40% - 3:16
PK3 Forward
1 - 0% - 60%
2 - 0% - 40%
PK3 Defense
1 - 0% - 60%
2 - 0% - 40%
44 Forward
1 - 63% - 60% - 2:08
2 - 37% - 40% - 1:16
44 Defense
1 - 52% - 60% - 1:47
2 - 48% - 40% - 1:37
Last Minute Offensive  - 0:00
Last Minute Defensive  - 0:00
Total
Forward - 60:00
Defense - 60:00

% Time on Ice - Bruins

Lines # - Real PCT - Wanted PCT - Time Play
Normal Forward
1 - 32% - 40% - 15:46
2 - 29% - 30% - 14:09
3 - 29% - 20% - 13:58
4 - 10% - 10% - 4:45
Normal Defense
1 - 35% - 40% - 17:11
2 - 30% - 30% - 14:44
3 - 25% - 20% - 12:15
4 - 9% - 10% - 4:28
PP Forward
1 - 51% - 60% - 3:47
2 - 49% - 40% - 3:37
PP Defense
1 - 46% - 60% - 3:23
2 - 54% - 40% - 4:01
PK Forward
1 - 71% - 60% - 0:24
2 - 29% - 40% - 0:10
PK Defense
1 - 62% - 60% - 0:21
2 - 38% - 40% - 0:13
PK3 Forward
1 - 0% - 60%
2 - 0% - 40%
PK3 Defense
1 - 0% - 60%
2 - 0% - 40%
44 Forward
1 - 79% - 60% - 2:41
2 - 21% - 40% - 0:43
44 Defense
1 - 79% - 60% - 2:41
2 - 21% - 40% - 0:43
Last Minute Offensive  - 0:00
Last Minute Defensive  - 0:00
Total
Forward - 60:00
Defense - 60:00

Play by Play

1st period


0:01 of 1st period - Corey Perry wins face-off versus Mike Fisher in neutral zone.
0:40 of 1st period - Shot by Andrew Ladd.
0:40 of 1st period - Stopped by Ryan Miller without a rebound.
0:41 of 1st period - Leon Draisaitl wins face-off versus Jay McClement in Blues zone.
0:55 of 1st period - Off-side.
0:56 of 1st period - Kris Versteeg wins face-off versus Tomas Plekanec in neutral zone.
1:20 of 1st period - Minor Penalty to Jake Guentzel for Hooking.
1:21 of 1st period - Patrice Bergeron wins face-off versus Mike Fisher in Bruins zone.
1:21 of 1st period - Patrice Bergeron is hit by Mike Fisher.
1:54 of 1st period - Minor Penalty to Johnny Boychuk for Hooking.
1:55 of 1st period - Patrice Bergeron wins face-off versus Mike Fisher in Blues zone.
2:00 of 1st period - Shot by Leon Draisaitl.
2:00 of 1st period - Stopped by Ryan Miller without a rebound.
2:01 of 1st period - Mike Fisher wins face-off versus Patrice Bergeron in Blues zone.
3:23 of 1st period - Shot by Jake Muzzin.
3:23 of 1st period - Shot Misses the Net.
3:25 of 1st period - Shot by Jake Muzzin.
3:25 of 1st period - Shot Misses the Net.
3:38 of 1st period - Icing by Corey Perry.
3:39 of 1st period - Mike Fisher wins face-off versus Carl Soderberg in Bruins zone.
3:51 of 1st period - Shot by Jake Muzzin.
3:51 of 1st period - Shot Misses the Net.
3:53 of 1st period - Shot by Andrew Ladd.
3:53 of 1st period - Deflect By Corey Perry.
3:53 of 1st period - Shot Misses the Net.
4:21 of 1st period - Shot by Connor Brown.
4:21 of 1st period - Shot Misses the Net.
4:23 of 1st period - Shot by Tomas Plekanec.
4:23 of 1st period - Goal by Tomas Plekanec - Blues : 0 - Bruins : 1.
4:24 of 1st period - Leon Draisaitl wins face-off versus Cal Clutterbuck in neutral zone.
4:49 of 1st period - Shot by Ryan Spooner.
4:49 of 1st period - Stopped by Ryan Miller without a rebound.
4:50 of 1st period - Patrice Bergeron wins face-off versus Mike Fisher in Blues zone.
6:00 of 1st period - Tomas Plekanec is hit by Niklas Kronwall.
6:11 of 1st period - Icing by Matt Irwin.
6:12 of 1st period - Jay McClement wins face-off versus Leon Draisaitl in Blues zone.
6:34 of 1st period - Leon Draisaitl is hit by John-Michael Liles and loses puck.
6:49 of 1st period - Chris Wideman is hit by Mark Streit and loses puck.
6:57 of 1st period - Mark Streit is hit by Cal Clutterbuck and loses puck.
7:30 of 1st period - Shot by Mike Fisher.
7:30 of 1st period - Stopped by Carey Price without a rebound.
7:31 of 1st period - Tomas Plekanec wins face-off versus Jay McClement in Bruins zone.
7:41 of 1st period - Icing by Jay Bouwmeester.
7:42 of 1st period - Patrice Bergeron wins face-off versus Jay McClement in Blues zone.
7:53 of 1st period - Shot by P.K. Subban.
7:53 of 1st period - Shot Blocked by Jay Bouwmeester.
8:21 of 1st period - Shot by Patrice Bergeron.
8:21 of 1st period - Shot Misses the Net.
8:23 of 1st period - Shot by Shea Weber.
8:23 of 1st period - Stopped by Ryan Miller without a rebound.
8:24 of 1st period - Tomas Plekanec wins face-off versus Mike Fisher in Blues zone.
8:41 of 1st period - Shot by Rick Nash.
8:41 of 1st period - Stopped by Carey Price without a rebound.
8:42 of 1st period - Cal Clutterbuck wins face-off versus Carl Soderberg in Bruins zone.
8:55 of 1st period - Shot by Kris Versteeg.
8:55 of 1st period - Shot Misses the Net.
9:04 of 1st period - Shot by Michael Raffl.
9:04 of 1st period - Stopped by Carey Price without a rebound.
9:05 of 1st period - Leon Draisaitl wins face-off versus Mike Fisher in Bruins zone.
9:11 of 1st period - Off-side.
9:12 of 1st period - Jay McClement wins face-off versus Leon Draisaitl in neutral zone.
9:24 of 1st period - Leon Draisaitl is hit by Jiri Hudler and loses puck.
9:30 of 1st period - Torey Krug is hit by Jay Bouwmeester and loses puck.
9:33 of 1st period - Shot by Torey Krug.
9:33 of 1st period - Shot Misses the Net.
9:35 of 1st period - Shot by Brendan Gallagher.
9:35 of 1st period - Stopped by Ryan Miller without a rebound.
9:36 of 1st period - Patrice Bergeron wins face-off versus Mike Fisher in Blues zone.
9:45 of 1st period - Shot by Patrice Bergeron.
9:45 of 1st period - Shot Misses the Net.
9:51 of 1st period - Andrew Ladd is hit by Mike Fisher and loses puck.
10:02 of 1st period - Shot by Rick Nash.
10:02 of 1st period - Deflect By Marian Hossa.
10:02 of 1st period - Stopped by Carey Price without a rebound.
10:03 of 1st period - Cal Clutterbuck wins face-off versus Leon Draisaitl in Bruins zone.
10:04 of 1st period - Shot by Kris Versteeg.
10:04 of 1st period - Stopped by Carey Price without a rebound.
10:05 of 1st period - Leon Draisaitl wins face-off versus Jay McClement in Bruins zone.
10:39 of 1st period - Shot by Brian Flynn.
10:39 of 1st period - Shot Misses the Net.
10:46 of 1st period - Icing by Jake Muzzin.
10:47 of 1st period - Mike Fisher wins face-off versus Leon Draisaitl in Bruins zone.
11:02 of 1st period - Shot by Rick Nash.
11:02 of 1st period - Stopped by Carey Price without a rebound.
11:03 of 1st period - Patrice Bergeron wins face-off versus Cal Clutterbuck in Bruins zone.
11:23 of 1st period - Shot by Michael Raffl.
11:23 of 1st period - Deflect By Kris Versteeg.
11:23 of 1st period - Stopped by Carey Price without a rebound.
11:24 of 1st period - Tomas Plekanec wins face-off versus Rick Nash in Bruins zone.
11:28 of 1st period - Icing by Tomas Plekanec.
11:29 of 1st period - Tomas Plekanec wins face-off versus Mike Fisher in Bruins zone.
11:42 of 1st period - Shot by Jake Guentzel.
11:42 of 1st period - Shot Misses the Net.
11:44 of 1st period - Shot by Tomas Plekanec.
11:44 of 1st period - Shot Misses the Net.
11:45 of 1st period - Minor Penalty to Jay Bouwmeester for Hooking.
11:46 of 1st period - Mike Fisher wins face-off versus Patrice Bergeron in Blues zone.
11:56 of 1st period - Shot by Andrew Ladd.
11:56 of 1st period - Shot Blocked by Johnny Boychuk.
12:07 of 1st period - Icing by Andrew Ladd.
12:08 of 1st period - Patrice Bergeron wins face-off versus Mike Fisher in Bruins zone.
12:19 of 1st period - Shot by Shea Weber.
12:19 of 1st period - Shot Misses the Net.
12:21 of 1st period - Shot by Patrice Bergeron.
12:21 of 1st period - Shot Blocked by Matt Irwin.
12:23 of 1st period - Shot by Corey Perry.
12:23 of 1st period - Shot Blocked by Matt Irwin.
12:31 of 1st period - Shot by P.K. Subban.
12:31 of 1st period - Stopped by Ryan Miller without a rebound.
12:32 of 1st period - Leon Draisaitl wins face-off versus Rick Nash in Blues zone.
13:55 of 1st period - Shot by Connor Brown.
13:55 of 1st period - Shot Misses the Net.
15:34 of 1st period - Shot by Rick Nash.
15:34 of 1st period - Deflect By Mike Fisher.
15:34 of 1st period - Shot Blocked by Carl Soderberg.
15:36 of 1st period - Shot by Rick Nash.
15:36 of 1st period - Shot Blocked by Greg Pateryn.
15:51 of 1st period - Icing by Chris Wideman.
15:52 of 1st period - Mike Fisher wins face-off versus Ryan Spooner in Blues zone.
16:13 of 1st period - Shot by Leon Draisaitl.
16:13 of 1st period - Shot Misses the Net.
16:29 of 1st period - Shot by Brian Flynn.
16:29 of 1st period - Stopped by Carey Price without a rebound.
16:30 of 1st period - Mike Fisher wins face-off versus Tomas Plekanec in Bruins zone.
16:30 of 1st period - Cal Clutterbuck is hit by Noah Hanifin and loses puck.
16:33 of 1st period - Shot by Mike Fisher.
16:33 of 1st period - Stopped by Carey Price without a rebound.
16:34 of 1st period - Jake Guentzel wins face-off versus Jay McClement in Bruins zone.
16:34 of 1st period - Jake Guentzel is hit by Jiri Hudler.
17:01 of 1st period - Tomas Plekanec is hit by Carl Gunnarsson and loses puck.
17:44 of 1st period - Shot by Patrice Bergeron.
17:44 of 1st period - Shot Misses the Net.
17:48 of 1st period - Shot by Patrice Bergeron.
17:48 of 1st period - Stopped by Ryan Miller with a rebound.
17:50 of 1st period - Shot by Corey Perry.
17:50 of 1st period - Shot Misses the Net.
18:21 of 1st period - Shot by Torey Krug.
18:21 of 1st period - Stopped by Ryan Miller without a rebound.
18:22 of 1st period - Tomas Plekanec wins face-off versus Mike Fisher in Blues zone.
18:58 of 1st period - Shot by Rick Nash.
18:58 of 1st period - Stopped by Carey Price without a rebound.
18:59 of 1st period - Cal Clutterbuck wins face-off versus Leon Draisaitl in Bruins zone.
19:12 of 1st period - Shot by Kris Versteeg.
19:12 of 1st period - Shot Misses the Net.
19:14 of 1st period - Shot by Cal Clutterbuck.
19:14 of 1st period - Stopped by Carey Price without a rebound.
19:15 of 1st period - Mike Fisher wins face-off versus Patrice Bergeron in Bruins zone.
Goals for this period are 0 for Blues vs 1 for Bruins.
Shots for this period are 11 for Blues vs 9 for Bruins.

2nd period


0:01 of 2nd period - Mike Fisher wins face-off versus Patrice Bergeron in neutral zone.
0:03 of 2nd period - Marian Hossa is hit by Shea Weber and loses puck.
0:09 of 2nd period - Icing by Patrice Bergeron.
0:10 of 2nd period - Patrice Bergeron wins face-off versus Cal Clutterbuck in Bruins zone.
0:14 of 2nd period - P.K. Subban is hit by Johnny Boychuk and loses puck.
1:35 of 2nd period - Shot by Ryan Spooner.
1:35 of 2nd period - Deflect By Brendan Gallagher.
1:35 of 2nd period - Shot Blocked by Matt Irwin.
2:39 of 2nd period - Icing by Niklas Kronwall.
2:40 of 2nd period - Mike Fisher wins face-off versus Patrice Bergeron in Blues zone.
3:00 of 2nd period - Shot by Andrew Ladd.
3:00 of 2nd period - Stopped by Ryan Miller without a rebound.
3:01 of 2nd period - Jay McClement wins face-off versus Leon Draisaitl in Blues zone.
3:22 of 2nd period - Shot by Leon Draisaitl.
3:22 of 2nd period - Goal by Leon Draisaitl - Blues : 0 - Bruins : 2.
3:23 of 2nd period - Tomas Plekanec wins face-off versus Kris Versteeg in neutral zone.
3:36 of 2nd period - Shot by Jake Guentzel.
3:36 of 2nd period - Goal by Jake Guentzel - Blues : 0 - Bruins : 3.
3:37 of 2nd period - Jay McClement wins face-off versus Patrice Bergeron in neutral zone.
3:51 of 2nd period - Icing by Jay Bouwmeester.
3:52 of 2nd period - Jay McClement wins face-off versus Leon Draisaitl in Blues zone.
3:52 of 2nd period - Jay McClement is hit by Ryan Spooner.
3:57 of 2nd period - Icing by Johnny Boychuk.
3:58 of 2nd period - Jay McClement wins face-off versus Patrice Bergeron in Blues zone.
4:16 of 2nd period - Corey Perry is hit by Johnny Boychuk and loses puck.
4:28 of 2nd period - Shot by Corey Perry.
4:28 of 2nd period - Stopped by Ryan Miller with a rebound.
4:30 of 2nd period - Shot by Corey Perry.
4:30 of 2nd period - Deflect By Andrew Ladd.
4:30 of 2nd period - Stopped by Ryan Miller without a rebound.
4:31 of 2nd period - Ryan Spooner wins face-off versus Cal Clutterbuck in Blues zone.
4:39 of 2nd period - Minor Penalty to Cal Clutterbuck for Hooking.
4:40 of 2nd period - Mike Fisher wins face-off versus Leon Draisaitl in Blues zone.
5:18 of 2nd period - Johnny Boychuk is hit by Jake Muzzin and loses puck.
5:29 of 2nd period - Johnny Boychuk is hit by Andrew Ladd and loses puck.
6:27 of 2nd period - Icing by Torey Krug.
6:28 of 2nd period - Leon Draisaitl wins face-off versus Mike Fisher in Bruins zone.
6:30 of 2nd period - Icing by Torey Krug.
6:31 of 2nd period - Leon Draisaitl wins face-off versus Mike Fisher in Bruins zone.
7:08 of 2nd period - Brian Flynn is hit by Connor Brown and loses puck.
7:35 of 2nd period - Shot by Kris Versteeg.
7:35 of 2nd period - Stopped by Carey Price without a rebound.
7:36 of 2nd period - Mike Fisher wins face-off versus Andrew Ladd in Bruins zone.
7:36 of 2nd period - Mike Fisher is hit by Shea Weber.
8:16 of 2nd period - Mike Fisher is hit by Corey Perry and loses puck.
8:49 of 2nd period - Shot by Cal Clutterbuck.
8:49 of 2nd period - Stopped by Carey Price with a rebound.
9:56 of 2nd period - Shot by Clarke MacArthur.
9:56 of 2nd period - Shot Blocked by Shea Weber.
10:10 of 2nd period - Shot by Mike Fisher.
10:10 of 2nd period - Shot Blocked by Shea Weber.
10:53 of 2nd period - Niklas Kronwall is hit by Melker Karlsson and loses puck.
11:04 of 2nd period - Jake Guentzel is hit by Matt Irwin and loses puck.
11:30 of 2nd period - Shot by Connor Brown.
11:30 of 2nd period - Stopped by Ryan Miller with a rebound.
11:32 of 2nd period - Shot by Connor Brown.
11:32 of 2nd period - Shot Misses the Net.
11:43 of 2nd period - Icing by John-Michael Liles.
11:44 of 2nd period - Leon Draisaitl wins face-off versus Michael Raffl in Blues zone.
11:49 of 2nd period - Shot by Leon Draisaitl.
11:49 of 2nd period - Shot Misses the Net.
12:09 of 2nd period - Shot by Cal Clutterbuck.
12:09 of 2nd period - Shot Misses the Net.
12:11 of 2nd period - Shot by Mike Fisher.
12:11 of 2nd period - Shot Misses the Net.
12:13 of 2nd period - Shot by Johnny Boychuk.
12:13 of 2nd period - Shot Misses the Net.
12:29 of 2nd period - Shot by Mike Fisher.
12:29 of 2nd period - Shot Blocked by Jake Muzzin.
12:51 of 2nd period - Shot by Kris Versteeg.
12:51 of 2nd period - Shot Blocked by Connor Brown.
13:07 of 2nd period - Shot by Jake Guentzel.
13:07 of 2nd period - Shot Misses the Net.
13:39 of 2nd period - Shot by Andrew Ladd.
13:39 of 2nd period - Stopped by Ryan Miller without a rebound.
13:40 of 2nd period - Patrice Bergeron wins face-off versus Mike Fisher in Blues zone.
13:41 of 2nd period - Shot by Andrew Ladd.
13:41 of 2nd period - Shot Misses the Net.
14:00 of 2nd period - Icing by P.K. Subban.
14:01 of 2nd period - Jay McClement wins face-off versus Patrice Bergeron in Bruins zone.
14:04 of 2nd period - Shot by Jiri Hudler.
14:04 of 2nd period - Shot Misses the Net.
14:30 of 2nd period - Shot by Brian Flynn.
14:30 of 2nd period - Shot Misses the Net.
14:32 of 2nd period - Shot by John-Michael Liles.
14:32 of 2nd period - Shot Blocked by Noah Hanifin.
14:34 of 2nd period - Shot by Chris Wideman.
14:34 of 2nd period - Shot Misses the Net.
14:56 of 2nd period - Shot by Rick Nash.
14:56 of 2nd period - Stopped by Carey Price without a rebound.
14:57 of 2nd period - Ryan Spooner wins face-off versus Cal Clutterbuck in Bruins zone.
15:41 of 2nd period - Icing by Matt Irwin.
15:42 of 2nd period - Patrice Bergeron wins face-off versus Cal Clutterbuck in Blues zone.
16:03 of 2nd period - Shot by Rick Nash.
16:03 of 2nd period - Shot Misses the Net.
16:05 of 2nd period - Shot by Mike Fisher.
16:05 of 2nd period - Deflect By Marian Hossa.
16:05 of 2nd period - Shot Misses the Net.
17:23 of 2nd period - Icing by Torey Krug.
17:24 of 2nd period - Mike Fisher wins face-off versus Leon Draisaitl in Bruins zone.
17:27 of 2nd period - Shot by Cal Clutterbuck.
17:27 of 2nd period - Shot Misses the Net.
17:29 of 2nd period - Shot by Jay Bouwmeester.
17:29 of 2nd period - Shot Blocked by Jake Muzzin.
17:31 of 2nd period - Shot by Jay Bouwmeester.
17:31 of 2nd period - Stopped by Carey Price with a rebound.
17:33 of 2nd period - Shot by Mike Fisher.
17:33 of 2nd period - Stopped by Carey Price without a rebound.
17:34 of 2nd period - Patrice Bergeron wins face-off versus Cal Clutterbuck in Bruins zone.
17:36 of 2nd period - Shea Weber is hit by Michael Raffl and loses puck.
18:37 of 2nd period - Ryan Spooner is hit by Jiri Hudler.
18:43 of 2nd period - Shot by Brendan Gallagher.
18:43 of 2nd period - Stopped by Ryan Miller with a rebound.
18:50 of 2nd period - Icing by Jay Bouwmeester.
18:51 of 2nd period - Jay McClement wins face-off versus Tomas Plekanec in Blues zone.
18:51 of 2nd period - Jay McClement is hit by Tomas Plekanec.
18:54 of 2nd period - Jiri Hudler is hit by Jake Guentzel and loses puck.
19:19 of 2nd period - Icing by Johnny Boychuk.
19:20 of 2nd period - Jay McClement wins face-off versus Melker Karlsson in Blues zone.
19:20 of 2nd period - Jay McClement is hit by Patrice Bergeron.
19:26 of 2nd period - Jay Bouwmeester is hit by Patrice Bergeron and loses puck.
19:49 of 2nd period - Shot by Carl Soderberg.
19:49 of 2nd period - Shot Misses the Net.
19:51 of 2nd period - Shot by Melker Karlsson.
19:51 of 2nd period - Deflect By Carl Soderberg.
19:51 of 2nd period - Stopped by Ryan Miller without a rebound.
19:52 of 2nd period - Leon Draisaitl wins face-off versus Mike Fisher in Blues zone.
Goals for this period are 0 for Blues vs 2 for Bruins.
Shots for this period are 5 for Blues vs 9 for Bruins.

3rd period


0:01 of 3rd period - Patrice Bergeron wins face-off versus Mike Fisher in neutral zone.
0:01 of 3rd period - Corey Perry is hit by Mike Fisher and loses puck.
0:19 of 3rd period - Icing by Johnny Boychuk.
0:20 of 3rd period - Mike Fisher wins face-off versus Leon Draisaitl in Blues zone.
0:34 of 3rd period - Marian Hossa is hit by Jake Muzzin and loses puck.
0:42 of 3rd period - Minor Penalty to Torey Krug for Holding.
0:42 of 3rd period - Minor Penalty to Mike Fisher for Hooking.
0:43 of 3rd period - Patrice Bergeron wins face-off versus Jiri Hudler in Bruins zone.
1:06 of 3rd period - Shot by Patrice Bergeron.
1:06 of 3rd period - Shot Misses the Net.
1:08 of 3rd period - Shot by Patrice Bergeron.
1:08 of 3rd period - Shot Misses the Net.
1:10 of 3rd period - Shot by Leon Draisaitl.
1:10 of 3rd period - Shot Misses the Net.
1:43 of 3rd period - Icing by Jake Muzzin.
1:44 of 3rd period - Corey Perry wins face-off versus Rick Nash in Bruins zone.
2:15 of 3rd period - Shot by Rick Nash.
2:15 of 3rd period - Deflect By Kris Versteeg.
2:15 of 3rd period - Stopped by Carey Price without a rebound.
2:16 of 3rd period - Michael Raffl wins face-off versus Patrice Bergeron in Bruins zone.
2:43 of 3rd period - John-Michael Liles is hit by Jake Guentzel and loses puck.
3:17 of 3rd period - Icing by Jake Muzzin.
3:18 of 3rd period - Tomas Plekanec wins face-off versus Mike Fisher in Bruins zone.
3:52 of 3rd period - Icing by Matt Irwin.
3:53 of 3rd period - Mike Fisher wins face-off versus Leon Draisaitl in Blues zone.
3:55 of 3rd period - Icing by Matt Irwin.
3:56 of 3rd period - Mike Fisher wins face-off versus Leon Draisaitl in Blues zone.
3:56 of 3rd period - Mike Fisher is hit by Ryan Spooner.
4:33 of 3rd period - Brian Flynn is hit by Shea Weber.
5:10 of 3rd period - Shot by Rick Nash.
5:10 of 3rd period - Stopped by Carey Price without a rebound.
5:11 of 3rd period - Tomas Plekanec wins face-off versus Cal Clutterbuck in Bruins zone.
5:33 of 3rd period - Shot by Kris Versteeg.
5:33 of 3rd period - Shot Misses the Net.
6:00 of 3rd period - Shot by Marian Hossa.
6:00 of 3rd period - Stopped by Carey Price without a rebound.
6:01 of 3rd period - Patrice Bergeron wins face-off versus Mike Fisher in Bruins zone.
6:01 of 3rd period - Shea Weber is hit by Mike Fisher and loses puck.
6:27 of 3rd period - Shot by Mike Fisher.
6:27 of 3rd period - Stopped by Carey Price without a rebound.
6:28 of 3rd period - Jay McClement wins face-off versus Leon Draisaitl in Bruins zone.
6:51 of 3rd period - Shot by Brian Flynn.
6:51 of 3rd period - Deflect By Jiri Hudler.
6:51 of 3rd period - Shot Blocked by Jake Muzzin.
6:53 of 3rd period - Shot by Brian Flynn.
6:53 of 3rd period - Shot Misses the Net.
6:55 of 3rd period - Shot by Brian Flynn.
6:55 of 3rd period - Shot Misses the Net.
7:24 of 3rd period - Off-side.
7:25 of 3rd period - Mike Fisher wins face-off versus Patrice Bergeron in neutral zone.
7:29 of 3rd period - Marian Hossa is hit by Shea Weber and loses puck.
7:32 of 3rd period - Shot by Niklas Kronwall.
7:32 of 3rd period - Shot Misses the Net.
7:34 of 3rd period - Shot by Marian Hossa.
7:34 of 3rd period - Shot Misses the Net.
7:36 of 3rd period - Shot by Marian Hossa.
7:36 of 3rd period - Stopped by Carey Price without a rebound.
7:37 of 3rd period - Cal Clutterbuck wins face-off versus Tomas Plekanec in Bruins zone.
8:00 of 3rd period - Icing by Michael Raffl.
8:01 of 3rd period - Patrice Bergeron wins face-off versus Cal Clutterbuck in Blues zone.
8:06 of 3rd period - Shot by Andrew Ladd.
8:06 of 3rd period - Shot Misses the Net.
8:26 of 3rd period - Off-side.
8:27 of 3rd period - Tomas Plekanec wins face-off versus Mike Fisher in neutral zone.
8:53 of 3rd period - Shot by Marian Hossa.
8:53 of 3rd period - Shot Misses the Net.
8:58 of 3rd period - Jake Guentzel is hit by Mike Fisher and loses puck.
9:23 of 3rd period - Shot by Patrice Bergeron.
9:23 of 3rd period - Shot Misses the Net.
9:25 of 3rd period - Shot by Jake Muzzin.
9:25 of 3rd period - Shot Misses the Net.
9:27 of 3rd period - Shot by Andrew Ladd.
9:27 of 3rd period - Shot Misses the Net.
9:35 of 3rd period - Shot by Patrice Bergeron.
9:35 of 3rd period - Stopped by Ryan Miller without a rebound.
9:36 of 3rd period - Jay McClement wins face-off versus Leon Draisaitl in Blues zone.
10:52 of 3rd period - Shot by Cal Clutterbuck.
10:52 of 3rd period - Stopped by Carey Price without a rebound.
10:53 of 3rd period - Mike Fisher wins face-off versus Tomas Plekanec in Bruins zone.
11:02 of 3rd period - Shot by Mike Fisher.
11:02 of 3rd period - Stopped by Carey Price with a rebound.
11:12 of 3rd period - Shot by Torey Krug.
11:12 of 3rd period - Stopped by Ryan Miller with a rebound.
11:17 of 3rd period - Off-side.
11:18 of 3rd period - Jiri Hudler wins face-off versus Melker Karlsson in neutral zone.
11:21 of 3rd period - Greg Pateryn is hit by Rick Nash and loses puck.
11:34 of 3rd period - Shot by Patrice Bergeron.
11:34 of 3rd period - Stopped by Ryan Miller without a rebound.
11:35 of 3rd period - Leon Draisaitl wins face-off versus Cal Clutterbuck in Blues zone.
11:41 of 3rd period - Off-side.
11:42 of 3rd period - Patrice Bergeron wins face-off versus Rick Nash in neutral zone.
11:47 of 3rd period - Icing by Mike Fisher.
11:48 of 3rd period - Mike Fisher wins face-off versus Patrice Bergeron in Blues zone.
11:55 of 3rd period - Shot by Corey Perry.
11:55 of 3rd period - Stopped by Ryan Miller with a rebound.
12:11 of 3rd period - Shot by Corey Perry.
12:11 of 3rd period - Stopped by Ryan Miller without a rebound.
12:12 of 3rd period - Jay McClement wins face-off versus Leon Draisaitl in Blues zone.
12:27 of 3rd period - Shot by Jiri Hudler.
12:27 of 3rd period - Stopped by Carey Price without a rebound.
12:28 of 3rd period - Patrice Bergeron wins face-off versus Cal Clutterbuck in Bruins zone.
12:55 of 3rd period - Shot by John-Michael Liles.
12:55 of 3rd period - Shot Misses the Net.
12:57 of 3rd period - Shot by Kris Versteeg.
12:57 of 3rd period - Stopped by Carey Price with a rebound.
13:12 of 3rd period - Patrice Bergeron is hit by Johnny Boychuk and loses puck.
13:20 of 3rd period - Off-side.
13:21 of 3rd period - Jay McClement wins face-off versus Leon Draisaitl in neutral zone.
13:33 of 3rd period - Shot by Ryan Spooner.
13:33 of 3rd period - Shot Hit the Post.
13:35 of 3rd period - Shot by Brendan Gallagher.
13:35 of 3rd period - Stopped by Ryan Miller without a rebound.
13:36 of 3rd period - Mike Fisher wins face-off versus Tomas Plekanec in Blues zone.
13:42 of 3rd period - Icing by Noah Hanifin.
13:43 of 3rd period - Tomas Plekanec wins face-off versus Mike Fisher in Bruins zone.
13:43 of 3rd period - Tomas Plekanec is hit by Mike Fisher.
13:51 of 3rd period - Shot by Connor Brown.
13:51 of 3rd period - Stopped by Ryan Miller without a rebound.
13:52 of 3rd period - Jay McClement wins face-off versus Leon Draisaitl in Blues zone.
13:52 of 3rd period - Jay McClement is hit by Brendan Gallagher.
13:57 of 3rd period - Minor Penalty to Johnny Boychuk for Hooking.
13:58 of 3rd period - Mike Fisher wins face-off versus Patrice Bergeron in Blues zone.
14:20 of 3rd period - Niklas Kronwall is hit by Corey Perry.
14:32 of 3rd period - Shot by Andrew Ladd.
14:32 of 3rd period - Shot Misses the Net.
14:34 of 3rd period - Shot by P.K. Subban.
14:34 of 3rd period - Stopped by Ryan Miller without a rebound.
14:35 of 3rd period - Mike Fisher wins face-off versus Leon Draisaitl in Blues zone.
14:46 of 3rd period - Shot by Torey Krug.
14:46 of 3rd period - Shot Blocked by Chris Wideman.
14:48 of 3rd period - Shot by Jake Muzzin.
14:48 of 3rd period - Stopped by Ryan Miller without a rebound.
14:49 of 3rd period - Mike Fisher wins face-off versus Leon Draisaitl in Blues zone.
14:58 of 3rd period - Marian Hossa is hit by Brendan Gallagher and loses puck.
15:16 of 3rd period - Leon Draisaitl is hit by Chris Wideman and loses puck.
15:50 of 3rd period - Corey Perry is hit by Carl Gunnarsson and loses puck.
16:08 of 3rd period - Icing by Brian Flynn.
16:09 of 3rd period - Brian Flynn wins face-off versus Carl Soderberg in Blues zone.
16:29 of 3rd period - Shot by Jay McClement.
16:29 of 3rd period - Stopped by Carey Price without a rebound.
16:30 of 3rd period - Tomas Plekanec wins face-off versus Cal Clutterbuck in Bruins zone.
16:30 of 3rd period - Tomas Plekanec is hit by Cal Clutterbuck.
16:45 of 3rd period - P.K. Subban is hit by Niklas Kronwall.
17:28 of 3rd period - Icing by Torey Krug.
17:29 of 3rd period - Mike Fisher wins face-off versus Brendan Gallagher in Bruins zone.
17:30 of 3rd period - Shot by Rick Nash.
17:30 of 3rd period - Stopped by Carey Price with a rebound.
18:02 of 3rd period - Shot by Mike Fisher.
18:02 of 3rd period - Stopped by Carey Price without a rebound.
18:03 of 3rd period - Jay McClement wins face-off versus Patrice Bergeron in Bruins zone.
18:28 of 3rd period - Shot by Jay McClement.
18:28 of 3rd period - Shot Hit the Post.
18:44 of 3rd period - Shot by Patrice Bergeron.
18:44 of 3rd period - Shot Misses the Net.
19:00 of 3rd period - Shea Weber is hit by Mike Fisher and loses puck.
19:06 of 3rd period - Minor Penalty to Mike Fisher for Hooking.
19:07 of 3rd period - Ryan Spooner wins face-off versus Clarke MacArthur in Blues zone.
19:29 of 3rd period - Shot by Jake Muzzin.
19:29 of 3rd period - Stopped by Ryan Miller without a rebound.
19:30 of 3rd period - Brendan Gallagher wins face-off versus Clarke MacArthur in Blues zone.
Goals for this period are 0 for Blues vs 0 for Bruins.
Shots for this period are 12 for Blues vs 10 for Bruins.